 Dungeon Crawl Stone Soup version 0.24.0-28-g17ded55e90 (webtiles) character file.

Game seed: 1735932850066410331, levelgen mode: deterministic

70 Delamore the Chopper (level 4, -5/39 HPs)
             Began as a Hill Orc Monk on Nov 11, 2019.
             Slain by a worker ant (7 damage)
             ... on level 2 of the Dungeon.
             The game lasted 00:01:59 (1635 turns).

Delamore the Chopper (Hill Orc Monk)                Turns: 1635, Time: 00:01:59

Health: -5/39      AC:  7    Str: 14    XL:     4   Next: 22%
Magic:  4/4        EV: 11    Int: 10    God:
Gold:   70         SH:  0    Dex: 13    Spells: 3/3 levels left

rFire    . . .     SeeInvis .   a - +0 hand axe
rCold    . . .     Gourm    .   (no shield)
rNeg     . . .     Faith    .   f - +0 ring mail (curse)
rPois    .         Spirit   .   (no helmet)
rElec    .         Reflect  .   n - +0 cloak
rCorr    .         Harm     .   m - +0 pair of gloves
MR       .....                  (no boots)
Stlth    +.........             (no amulet)
HPRegen  0.13/turn              (no ring)
MPRegen  0.09/turn              (no ring)

@: lethally poisoned (-5 -> -24)
A: no striking features
a: no special abilities


You were on level 2 of the Dungeon.
You were hungry.

You visited 1 branch of the dungeon, and saw 2 of its levels.

You collected 70 gold pieces.

Inventory:

Hand Weapons
 a - a +0 hand axe (weapon)
Armour
 b - a +0 robe
 f - a cursed +0 ring mail (worn)
 m - a +0 pair of gloves (worn)
 n - a +0 cloak (worn)
Scrolls
 e - a scroll of enchant weapon {unknown}
 k - 5 scrolls of identify {unknown}
 p - a scroll of random uselessness {unknown}
Potions
 d - a potion of agility {unknown}
 g - 2 potions of brilliance {unknown}
 h - 2 potions of magic {unknown}
 j - a potion of curing {unknown}
 l - a potion of mutation {unknown}
 o - a potion of ambrosia {unknown}
Comestibles
 c - 4 rations


   Skills:
 - Level 3.6 Fighting
 + Level 6.6 Axes
 - Level 2.4 Dodging
 - Level 1.5 Stealth


You had 3 spell levels left.
You didn't know any spells.
Your spell library was empty.

Dungeon Overview and Level Annotations

Branches:
Dungeon (2/15)

Altars:
Gozag
Okawaru


Message History

You feel sick. The worker ant barely misses you.
You closely miss the worker ant.
The worker ant is moderately wounded.
The worker ant bites you.
* * * LOW HITPOINT WARNING * * *
You are lethally poisoned!
The worker ant poisons you! The worker ant bites you.
* * * LOW HITPOINT WARNING * * *
You are more poisoned.
The worker ant poisons you!
You barely miss the worker ant.
The worker ant is moderately wounded.
* * * LOW HITPOINT WARNING * * *
You feel sick.
The worker ant bites you but does no damage.
You hit the worker ant.
The worker ant is severely wounded.
* * * LOW HITPOINT WARNING * * *
You feel sick. The worker ant bites you!
You die...

#.###......#..##.
#..#...####......
#######...#.# #.....##
#...........####...##
.##.................##
.....###.....######.#
.###.#.#.....# #.#
.#.#..##%†...# ##+#
.##.##.@..#### ##...##
....##a##.# ##.....##
..##..#!#.# ##.......#
#.#?#.###[.# #.........
%.###........ +.........
#..........####.........
####.###..## ##.......#
#. ..## ##.....##
##...##


You could see a worker ant.

Vanquished Creatures
  An adder (D:2)
  3 worms (D:2)
  A leopard gecko (D:1)
  A ball python (D:1)
  5 giant cockroaches
  2 goblins (D:1)
  4 hobgoblins (D:1)
  12 jackals
  6 bats
  5 frilled lizards (D:2)
  5 kobolds
  2 rats
47 creatures vanquished.

Notes
Turn   | Place    | Note
-------+----------+-------------------------------------------
     0 | D:1      | Delamore the Hill Orc Monk began the quest for the Orb.
     0 | D:1      | Reached XP level 1. HP: 19/19 MP: 1/1
   145 | D:1      | Reached XP level 2. HP: 25/26 MP: 2/2
   211 | D:1      | Reached skill level 5 in Axes
   532 | D:1      | Reached XP level 3. HP: 31/31 MP: 3/3
   715 | D:2      | Found an opulent altar of Gozag.
   963 | D:2      | Found an iron altar of Okawaru.
  1008 | D:2      | Reached skill level 6 in Axes
  1590 | D:2      | Reached XP level 4. HP: 32/39 MP: 4/4
  1635 | D:2      | Slain by a worker ant

Levels and vault maps discovered:
D:1:      minmay_arrival_up_and_down, layout_basic
D:2:      layout_loops_corners, okawaru_ov_weapons_minmay,
          nicolae_gozag_seed_capital, minmay_heptomino_o4, uniq_robin

Skill      XL: |  1  2  3 |
---------------+----------+-----
Axes           | 5 6 |  6.6
Fighting       | |  3.6
Dodging        | |  2.4
Stealth        | |  1.5

Action                   |  1- 3 |  4- 6 || total
-------------------------+-------+-------++-------
Melee: Hand axe          |   144 |    21 ||   165
 Stab: Sleeping          |     3 |       ||     3
  Eat: Chunk             |     2 |       ||     2
Armor: Robe              |    10 |       ||    10
       Ring mail         |    39 |     6 ||    45
Dodge: Dodged            |   104 |    14 ||   118
